Unix NetHack Version 5.0.0-0 post-release - last build May 17 2026 04:57:42 (dc50c8380fa5e20985bfe3072449f57b8d9895ef,branch:main).

Game began 2026-05-19 01:08:43, ended 2026-05-19 02:01:12.

Hareimo, chaotic male human Wizard

  ----
  |<.|                             ------                     ----  ---
  |..|                             |.%..---              -----...----.--
   -.|                             |.|..`.|        --  ---.|......||...|
   |.|                             ----...--       |.--|..........|--.--
   -.|                                |-...|       |...|.........-- |.--
  |..|                                |...*----    |......%.....--  |..---
  -.----                              --......--   ---......---.|   |....|
  .....|                            ----.......--    |.....-- |.|----....|
  ..--.|                         ----...........--------.-.|  |^||......-|
  ..||^---                       |................|.---@...|  |.||....|^.|
  ..||.%.--.                   ---........  .........Gh.----  |.-|...---.|
  -)| -- .%..                 ........---    ........----     |..|.--- |.|
  |.|  ----..-       |..      .......-        -.......|       |....|   |.----
  |.|     --.|      --%.      .......|         ..#-...|       --...|   |....|
  |.-----  |.|   ----...|      ......--         -...---        -----   ----.|
  |.....|  |.|  --......---     ......|        --.---                    --^|
   -....|  |.----......%..----------..----------%.|                      |..--
   .....|  |......... ...................).....).--                      |...|
   -.|.--   ..----       -------------------------                       --..|
   -----                                                                  ----
Hareimo the Thaumaturge   St:11 Dx:15 Co:18 In:18 Wi:9 Ch:10  Chaotic
Dlvl:5  $:401 HP:0(53) Pw:26(69) AC:9  Xp:6 T:3675 

Latest messages:
 Suddenly, the werejackal disappears out of sight.
 Really step into that level teleporter? [yn] (n) y
 You escape a level teleporter.
 In what direction? 4
 The spell hits the centipede!
 You kill the centipede!
 You hit the ghoul.
 You are hit by an arrow.
 You hit the ghoul.
 You hit the ghoul.
 The ghoul hits!
 The ghoul hits again!
 You hit the ghoul!
 The ghoul hits!
 The ghoul hits again!
 You are hit by an arrow.
 The gnome picks up 2 rusty arrows.
 The gnome shoots an arrow!
 You are hit by an arrow.
 You destroy the ghoul!
 What do you want to wield? [- Z or ?*] -
 You are bare handed.
 You begin bashing monsters with your bare hands.
 You kill the acid blob!
 You are splashed by the acid blob's acid!
 What do you want to wield? [- Z or ?*] Z
 Z - a runed dagger (weapon in right hand).
 The dwarf wields a broad short sword!
 You miss the dwarf.
 The dwarf thrusts his broad short sword.
 The dwarf hits!
 You miss the dwarf.
 You miss the dwarf.
 The dwarf thrusts his broad short sword.
 The dwarf hits!
 You miss the dwarf.
 The dwarf thrusts his broad short sword.
 The dwarf hits!
 You hit the dwarf.
 The dwarf thrusts his broad short sword.
 The dwarf hits!
 You miss the dwarf.
 The dwarf thrusts his broad short sword.
 The dwarf hits!
 You hit the dwarf.
 The dwarf thrusts his broad short sword.
 The dwarf hits!
 You die...
 Do you want your possessions identified? [ynq] (y) y
 Do you want to see your attributes? [ynq] (y) q

Inventory:
 Coins    ('$')
  $ - 401 gold pieces
 Weapons  (')')
  Z - a +0 elven dagger (weapon in right hand)
 Armor    ('[')
  z - an uncursed +0 orcish helm
  G - an uncursed +0 orcish helm
  I - an uncursed +0 orcish helm
  Q - an uncursed +0 orcish helm
  R - an uncursed +0 orcish helm
  E - a cursed -1 pair of levitation boots
  P - an uncursed +0 pair of speed boots
  b - an uncursed +0 cloak of magic resistance (being worn)
 Comestibles  ('%')
  i - 2 uncursed slime molds
  O - an uncursed pancake
  H - 2 uncursed tripe rations
 Scrolls  ('?')
  o - an uncursed scroll of amnesia
  J - 3 uncursed scrolls of blank paper
  X - an uncursed scroll of destroy armor
  U - an uncursed scroll of earth
  S - a cursed scroll of enchant armor
  A - an uncursed scroll of enchant weapon
  T - an uncursed scroll of gold detection
  N - an uncursed scroll of identify
  l - an uncursed scroll of remove curse
 Spellbooks  ('+')
  q - an uncursed spellbook of cure sickness
 Potions  ('!')
  r - a blessed potion of healing
  s - a cursed potion of healing
  B - an uncursed potion of invisibility
  V - a cursed potion of object detection
  f - an uncursed potion of water
  K - a potion of unholy water
 Rings    ('=')
  d - an uncursed ring of conflict
  e - an uncursed +3 ring of gain strength
 Wands    ('/')
  D - a wand of create monster (0:13)
  M - a wand of create monster (0:11)
  c - a wand of make invisible (0:8)
  p - a wand of secret door detection (0:12)
 Tools    ('(')
  F - an uncursed blindfold
  m - a magic marker (0:19)
  t - an uncursed oil lamp (lit)
  L - an uncursed tin whistle
 Gems/Stones  ('*')
  a - 2 uncursed worthless pieces of blue glass
  n - 2 uncursed worthless pieces of green glass
  g - an uncursed worthless piece of white glass
  j - an uncursed worthless piece of yellow glass

Hareimo the Wizard's attributes:

Background:
 You were a Thaumaturge, a level 6 male human Wizard.
 You were chaotic, nominally on a mission for Anhur
 who was opposed by Ptah (lawful) and Thoth (neutral).
 You were right-handed.
 You were in the Gnomish Mines, on level 5.
 You entered the dungeon 3675 turns ago.
 It was nighttime.
 There was a new moon in effect when your adventure ended.
 You had 538 experience points, 102 more were needed to attain level 7.

Basics:
 You had 0 out of 53 hit points.
 You had 26 out of 69 energy points (spell power).
 Your armor class was 9.
 Your wallet contained 401 zorkmids.
 Autopickup was off.

Final Characteristics:
 Your strength was 11 (limit:18/100).
 Your dexterity was 15 (limit:18).
 Your constitution was 18 (limit:18).
 Your intelligence was 18 (limit:18).
 Your wisdom was 9 (limit:18).
 Your charisma was 10 (limit:18).

Final Status:
 You weren't hungry.
 You were unencumbered.
 You were wielding a dagger.
 You had basic skill with dagger.

Final Attributes:
 You were piously aligned.
 You were magic-protected.
 You were telepathic.
 You were warded.
 You are dead.

Miscellaneous:
 You didn't encounter any bones levels.
 Total elapsed playing time was 52 minutes and 20 seconds.

Major events:
 Turn
    1: Hareimo the chaotic male human Wizard entered the dungeon
  602: entered the Gnomish Mines
  799: attained the rank of Conjurer (level 3)
 3049: attained the rank of Thaumaturge (level 6)
 3675: killed by a dwarf

Spells:
 Name                 Level Category     Fail Retention
 force bolt             1   attack         0%   81%-90%
 healing                1   healing        0%  76%-100%

Skills:
 Fighting Skills
   bare handed combat [Unskilled]
   riding             [Unskilled]
 Weapon Skills
   dagger             [Basic]
   knife              [Unskilled]
   axe                [Unskilled]
   short sword        [Unskilled]
   club               [Unskilled]
   mace               [Unskilled]
   quarterstaff       [Basic]
   polearms           [Unskilled]
   spear              [Unskilled]
   trident            [Unskilled]
   sling              [Unskilled]
   dart               [Unskilled]
   shuriken           [Unskilled]
 Spellcasting Skills
   attack spells      [Basic]
   healing spells     [Unskilled]
   divination spells  [Unskilled]
   enchantment spells [Basic]
   clerical spells    [Unskilled]
   escape spells      [Unskilled]
   matter spells      [Unskilled]

Voluntary challenges:
 Character rerolling was not enabled.
 You were an atheist.
 You never genocided any monsters.
 You never polymorphed an object.
 You never changed form.
 You used no wishes.
Achievements:
 You entered the Gnomish Mines.
 You attained the rank of Conjurer.
 You entered a shop.
 You attained the rank of Thaumaturge.

 The Dungeons of Doom: levels 1 to 6
    Level 1:
    Level 2:
       Some fountains, a sink, a grave.
    Level 3:
       Some fountains.
       Stairs down to The Gnomish Mines.
    Level 4:
       A food shop, a fountain.
    Level 5: "vault stash"
       Some fountains, a grave.
    Level 6:
       A throne, a grave.
 The Gnomish Mines: levels 4 to 5
    Level 4:
    Level 5: <- You were here.
       Final resting place for
          you, killed by a dwarf.


Vanquished creatures:
  a leprechaun
  a rock piercer
  a rock mole
  a gnome leader
  a gnomish wizard
  a kobold mummy
  a gray ooze
  a ghoul
  a paper golem
  a giant ant
  3 floating eyes
  a kitten
  4 dwarves
  4 hill orcs
  3 rothes
  a centipede
  a monkey
  a dwarf zombie
  a wererat
  4 acid blobs
  2 gas spores
  2 hobbits
  3 giant rats
  a red mold
 17 gnomes
  2 garter snakes
  3 geckos
 10 jackals
  3 foxes
  4 goblins
  5 sewer rats
  5 grid bugs
  a bat
  3 lichens
  3 kobold zombies
  5 newts
102 creatures vanquished.

No species were genocided or became extinct.

Game over:
                       ----------
                      /          \
                     /    REST    \
                    /      IN      \
                   /     PEACE      \
                  /                  \
                  |     Hareimo      |
                  |      401 Au      |
                  |   killed by a    |
                  |      dwarf       |
                  |                  |
                  |                  |
                  |       2026       |
                 *|     *  *  *      | *
        _________)/\\_//(\/(/\)/\//\/|_)_______

Goodbye Hareimo the Wizard...

You died in The Gnomish Mines on dungeon level 5 with 2783 points,
and 401 pieces of gold, after 3675 moves.
You were level 6 with a maximum of 53 hit points when you died.

